 Dungeon Crawl Stone Soup version 0.24.0-13-gcf9b319 (webtiles) character file.

Game seed: 16985255809687245842, levelgen mode: deterministic

315 Bronimir the Gusty (level 6, -4/33 HPs)
             Began as a Tengu Air Elementalist on Apr 14, 2020.
             Slain by an ogre
             ... wielding a +0 giant club
              (17 damage)
             ... on level 4 of the Dungeon on Apr 15, 2020.
             The game lasted 00:13:25 (3863 turns).

Bronimir the Gusty (Tengu Air Elementalist)         Turns: 3863, Time: 00:13:26

Health: -4/33      AC:  6    Str: 10    XL:     6   Next: 44%
Magic:  0/11       EV: 11    Int: 15    God:
Gold:   92         SH:  0    Dex: 15    Spells: 4/10 levels left

rFire    . . .     SeeInvis .   a - +3 trident (flame)
rCold    . . .     Gourm    .   (no shield)
rNeg     . . .     Faith    .   l - +1 ring mail {rPois}
rPois    +         Spirit   +   (helmet restricted)
rElec    .         Reflect  .   (no cloak)
rCorr    .         Harm     .   (no gloves)
MR       .....                  (boots unavailable)
Stlth    ..........             p - amulet of guardian spirit
HPRegen  0.11/turn              i - ring of attention (curse)
MPRegen  0.12/turn              (no ring)

@: confused
A: beak, talons 3, able to fly
a: Fly


You were on level 4 of the Dungeon.
You were not hungry.

You visited 1 branch of the dungeon, and saw 4 of its levels.

You collected 92 gold pieces.

Inventory:

Hand Weapons
 a - a +3 trident of flaming (weapon)
 d - a +0 club
 h - a +0 falchion
 n - a +0 mace
 x - a +0 war axe
Missiles
 f - 19 poisoned darts (quivered)
 g - 17 sling bullets
 m - 12 stones
 q - 33 arrows
Armour
 l - a +1 ring mail of poison resistance (worn)
 r - a +0 robe
Jewellery
 i - a cursed ring of attention (left hand)
 p - an amulet of guardian spirit (around neck)
Wands
 w - a wand of digging (3)
Scrolls
 v - a scroll of teleportation
Potions
 b - 3 potions of curing {unknown}
 e - a potion of cancellation {unknown}
 j - a potion of heal wounds
 k - 2 potions of magic {unknown}
 o - 2 potions of mutation {unknown}
 s - 2 potions of flight {unknown}
 t - 3 potions of brilliance {unknown}
 u - 2 potions of ambrosia {unknown}
 A - a potion of berserk rage {unknown}
Comestibles
 c - 10 rations
 z - 2 chunks of flesh


   Skills:
 * Level 0.9 Fighting
 + Level 0.7 Long Blades
 + Level 0.2 Maces & Flails
 * Level 1.7 Polearms
 * Level 2.9 Armour
 * Level 3.3 Dodging
 - Level 2.0 Stealth
 + Level 2.8 Spellcasting
 * Level 3.1 Conjurations
 * Level 5.4 Air Magic


You had 4 spell levels left.
You knew the following spells:

 Your Spells              Type           Power        Failure   Level  Hunger
a - Shock                 Conj/Air       ###.         9%          1    #......
b - Swiftness             Chrm/Air       ##......     24%         2    ##.....
c - Static Discharge      Conj/Air       ###.....     26%         3    ###....

Your spell library contained the following spells:

 Spells                   Type           Power        Failure   Level  Hunger
 Airstrike                Air            ###.......   47%         4    #####..
 Lightning Bolt           Conj/Air       ###.......   93%         5    ######.


Dungeon Overview and Level Annotations

Branches:
Dungeon (4/15)
 Temple: D:4-7

Altars:
Cheibriados
Hepliaklqana


Innate Abilities, Weirdness & Mutations

You have a beak for a mouth.
You have claws for feet.
You can fly continuously.


Message History

An ogre comes into view. It is wielding a +0 giant club.
Something tries to affect you, but you resist.
You hear a shout!
An orc priest comes into view. It is wielding a +0 club.
The orc priest shouts!
You are confused.
An ogre comes into view. It is wielding a +0 giant spiked club.
The ogre shouts!
You bump into the rock wall.
You hear a shout!
The ogre hits you but does no damage.
You're too confused to move!
The ogre barely misses you.
A phantom comes into view.
The orc priest mumbles some strange prayers to Beogh against you.
Beogh smites you! The ogre hits you with a +0 giant club!
You closely miss the ogre. Your kick misses the ogre. You peck the ogre.
The ogre is lightly wounded.
The ogre hits you with a +0 giant club!!
Ouch! That really hurt!
You die...

..# #W# #O# #.#
#o# .
##.####.####...
.............#
#.O#######.
#..######@........
#.......#..######
....#####......#
..# #.....#.^.....
.. #.##.#####....
#.####.##.# ...
#..##..##.# .
#.##.###.#
#....###.#


You could see a phantom, 2 ogres and an orc priest.

Vanquished Creatures
  A hound (D:4)
  An orc wizard (D:3)
  Ijyb (D:3)
  Natasha (thrice) (D:3)
  4 adders (D:2)
  An ooze (D:2)
  2 worms (D:3)
  A dart slug (D:2)
  2 leopard geckos
  16 orcs (D:3)
  A ball python (D:3)
  5 giant cockroaches
  6 goblins
  11 hobgoblins
  11 jackals
  8 bats
  5 frilled lizards
  8 kobolds
  2 rats
89 creatures vanquished.

Notes
Turn   | Place    | Note
-------+----------+-------------------------------------------
     0 | D:1      | Bronimir the Tengu Air Elementalist began the quest for the
                  | Orb.
     0 | D:1      | Reached XP level 1. HP: 10/10 MP: 4/4
   161 | D:1      | Reached XP level 2. HP: 14/15 MP: 3/6
   415 | D:1      | Learned a level 2 spell: Swiftness
   894 | D:1      | Reached XP level 3. HP: 19/19 MP: 0/7
  1333 | D:2      | Found a snail-covered altar of Cheibriados.
  1351 | D:2      | Found a hazy altar of Hepliaklqana.
  1845 | D:2      | Learned a level 3 spell: Static Discharge
  1894 | D:2      | Reached skill level 5 in Air Magic
  1894 | D:2      | Reached XP level 4. HP: 21/24 MP: 0/8
  1896 | D:2      | Reached skill level 1 in Armour
  2411 | D:3      | Gained mutation: You can fly continuously. [Tengu growth]
  2411 | D:3      | Reached XP level 5. HP: 13/28 MP: 0/9
  2984 | D:3      | Noticed Natasha
  2992 | D:3      | Killed Natasha
  3377 | D:3      | Noticed Ijyb
  3390 | D:3      | Killed Ijyb
  3390 | D:3      | Reached skill level 1 in Polearms
  3390 | D:3      | Reached XP level 6. HP: 33/33 MP: 3/11
  3557 | D:3      | Noticed Natasha
  3566 | D:3      | Killed Natasha
  3675 | D:3      | Noticed Natasha
  3679 | D:3      | Killed Natasha
  3861 | D:4      | Noticed a phantom
  3863 | D:4      | Slain by an ogre

Levels and vault maps discovered:
D:1:      lemuel_arrival_hallway, layout_basic, chequers_garden,
          corexii_leaking_fountain, minmay_misc_feat_room
D:2:      layout_rooms, lemuel_crystal_altar, first_ration, cheibriados_altar_1
D:3:      layout_basic, uniq_ijyb, uniq_natasha
D:4:      layout_rooms, uniq_pikel, uniq_sigmund

Skill      XL: |  1  2  3  4  5  6 |
---------------+-------------------+-----
Conjurations   | 2 3 |  3.1
Air Magic      | 5 |  5.4
Armour         | 2 |  2.9
Dodging        | 3 |  3.3
Polearms       | 1 |  1.7
Fighting       | |  0.9
Long Blades    | |  0.7
Maces & Flails | |  0.2
Stealth        | |  2.0
Spellcasting   | |  2.8

Action                   |  1- 3 |  4- 6 || total
-------------------------+-------+-------++-------
Melee: Club              |    23 |       ||    23
       Kick              |     9 |    26 ||    35
       Peck              |     1 |    20 ||    21
       Mace              |     9 |    32 ||    41
       Falchion          |       |    19 ||    19
       Trident           |       |    70 ||    70
 Cast: Shock             |    62 |    23 ||    85
       Static Discharge  |       |     3 ||     3
  Use: Scroll            |       |     3 ||     3
 Stab: Sleeping          |     2 |       ||     2
  Eat: Chunk             |     3 |     8 ||    11
Armor: Robe              |    12 |       ||    12
       Ring mail         |    14 |    58 ||    72
Dodge: Dodged            |    41 |   106 ||   147
       Rpst.: Falchion   |       |     5 ||     5
